 Dungeon Crawl Stone Soup version 0.32-a0-42-ga30500b4d3 (webtiles) character file.

Game seed: 15592107774617712171

54047 pokeman the Eclecticist (level 14, -9/80 HPs)
             Began as a Deep Elf Hedge Wizard on Feb 2, 2024.
             Was a High Priest of Vehumet.
             Drowned by a drowned soul (13 damage)
             ... summoned by a merfolk avatar
             ... on level 5 of the Lair of Beasts.
             The game lasted 00:58:07 (22464 turns).

pokeman the Eclecticist (Deep Elf Hedge Wizard)    Turns: 22464, Time: 00:58:08

Health: -9/80      AC: 13    Str:  7    XL:     14   Next: 33%
Magic:  23/39      EV: 13    Int: 25    God:    Vehumet [*****.]
Gold:   313        SH:  0    Dex: 14    Spells: 26/51 levels left

rFire   + + .        c - +2 quick blade (venom)
rCold   + + .        (no shield)
rNeg    . . .        B - +2 robe of Uskayaw {Rampage rC+}
rPois   +            I - +2 helmet
rElec   .            M - scarf {rC+ rF+}
rCorr   .            (no gloves)
SInv    .            J - +4 pair of boots "Kisecuk" {rF+}
Will    +....        (no amulet)
Stlth   ++           z - ring of poison resistance
HPRegen 0.33/turn    y - ring of flight
MPRegen 0.26/turn

%: rampage
@: flying, mesmerised
A: no striking features
a: Renounce Religion


You were on level 5 of the Lair of Beasts.
You worshipped Vehumet.
Vehumet was extremely pleased with you.
You visited 3 branches of the dungeon, and saw 19 of its levels.
You also visited: Ice Cave and Volcano.

You collected 1088 gold pieces.
You spent 775 gold pieces at shops.

Inventory:

Hand Weapons
 c - a +2 quick blade of venom (weapon)
 L - the +2 glaive of the Ghostly God {elec, rPois MP+9 Dex+6 Stlth-}
   (You found it in an ice cave)

   Dex+6:     It affects your dexterity (+6).
   rPois:     It protects you from poison MP+9: It affects your magic capacity
   (+9).
   Stlth-:    It makes you less stealthy.
 O - a +1 demon blade of freezing
Missiles
 a - 3 throwing nets
 E - 5 curare-tipped darts
Armour
 q - +0 steam dragon scales
 r - a +2 buckler of cold resistance
 v - +0 fire dragon scales
 B - the +2 robe of Uskayaw (worn) {Rampage rC+}
   (You found it on level 6 of the Dungeon)

   rC+:       It protects you from cold.
   Rampage:   It bestows one free step when moving towards enemies.
 I - a +2 helmet (worn)
 J - the +4 pair of boots "Kisecuk" (worn) {rF+}
   (You bought it in a shop on level 2 of the Dungeon)

   rF+:       It protects you from fire.
 M - a scarf of resistance (worn)
 N - a +2 robe of fire resistance
Magical Staves
 C - a staff of cold
Jewellery
 l - a ring of protection from cold
 o - a ring of ice
 y - a ring of flight (right hand)
 z - a ring of poison resistance (left hand)
 H - a ring of ice
 K - a ring of ice
 S - a ring of wizardry
Wands
 g - a wand of polymorph (13)
 A - a wand of quicksilver (13)
 T - a wand of mindburst (5)
Scrolls
 e - 2 scrolls of poison
 h - a scroll of amnesia
 j - a scroll of revelation
 n - 8 scrolls of teleportation
 D - a scroll of enchant armour
 P - a scroll of fear
 Q - a scroll of fog
 R - a scroll of vulnerability
Potions
 b - 2 potions of brilliance
 d - 2 potions of magic
 f - 3 potions of heal wounds
 i - 2 potions of lignification
 k - 5 potions of curing
 m - 2 potions of enlightenment {unknown}
 p - 2 potions of resistance {unknown}
 s - 2 potions of ambrosia {unknown}
 t - a potion of berserk rage {unknown}
 u - 2 potions of cancellation {unknown}
 w - 4 potions of attraction {unknown}
 x - a potion of invisibility {unknown}
 F - a potion of haste {unknown}
 G - a potion of mutation {unknown}
 V - a potion of degeneration {unknown}


   Skills:
 - Level 6.0 Fighting
 + Level 9.9 Short Blades
 - Level 6.0 Armour
 - Level 3.0 Dodging
 - Level 3.0 Stealth
 + Level 1.6 Shields
 * Level 19.2 Spellcasting
 + Level 11.9 Conjurations
 - Level 1.3 Hexes
 - Level 1.1 Summonings
 - Level 1.0 Necromancy
 - Level 1.1 Translocations
 - Level 1.2 Fire Magic
 - Level 1.0 Ice Magic
 - Level 1.0 Air Magic
 + Level 10.8 Earth Magic
 - Level 1.0 Alchemy
 - Level 1.1 Evocations


You had 26 spell levels left.
You knew the following spells:

 Your Spells              Type           Power      Damage    Failure   Level
a - Magic Dart            Conj           100%       1d8       0%          1
b - Mephitic Cloud        Conj/Alch/Air  47%        N/A       1%          3
c - Call Imp              Summ           58%        N/A       1%          2
d - Blink                 Tloc           58%        N/A       1%          2
e - Stone Arrow           Conj/Erth      100%       3d13      1%          3
f - Ensorcelled Hibernat  Hex/Ice        58%        N/A       1%          2
g - Swiftness             Air            29%        N/A       3%          3
h - Ignite Poison         Fire/Alch      29%        N/A       3%          4
i - Iskenderun's Battles  Conj           71%        2d12      1%          5

Your spell library contained the following spells:

 Spells                   Type           Power      Damage    Failure   Level
 Sandblast                Erth           100%       2d20      0%          1
 Shock                    Conj/Air       100%       1d9       1%          1
 Slow                     Hex            100%       N/A       1%          1
 Cigotuvi's Dreadful Rot  Necr/Alch/Air  58%        N/A       1%          2
 Lesser Beckoning         Tloc           58%        N/A       1%          2
 Passwall                 Erth           67%        N/A       1%          3
 Brom's Barrelling Bould  Conj/Erth      69%        2d8       1%          4
 Gell's Gravitas          Tloc           29%        N/A       3%          3
 Summon Ice Beast         Ice/Summ       29%        N/A       3%          3
 Teleport Other           Tloc           29%        N/A       3%          3
 Airstrike                Air            14%        2d(3-19)  3%          4
 Manifold Assault         Tloc           29%        N/A       12%         4
 Summon Forest            Summ/Tloc      14%        N/A       32%         5
 Dispersal                Tloc           14%        N/A       88%         6
 Sculpt Simulacrum        Ice/Alch       14%        N/A       88%         6
 Disjunction              Tloc           14%        N/A       100%        8


Dungeon Overview and Level Annotations

Branches:
Dungeon (14/15)            Temple (1/1) D:7            Lair (3/5) D:9
 Shoals (0/4) Lair:2        Snake (0/4) Lair:2        Slime (0/5) Lair:5
    Orc (0/2) D:9           IceCv (visited)         Volcano (visited)
 Vaults: D:13-14

Altars:
Ashenzari
Cheibriados
Dithmenos
Elyvilon
Fedhas
Gozag
Hepliaklqana
Kikubaaqudgha
Makhleb
Nemelex Xobeh
Okawaru
Qazlal
Ru
Sif Muna
Trog
Uskayaw
Vehumet
Wu Jian
Xom
Yredelemnul
Zin
The Shining One
Jiyva

Shops:
D:2 (([   D:5 (   D:10 =

Portals:
Trove: D:12 (give +6 demon blade)

Annotations:
D:9 2 transporters, nroviw's ghost, novice DsFi
Lair:5 Snorg


Message History

Unknown command.
Unknown command.
Unknown command.
You hit the hornet but do no damage.
The hornet looks as sick as possible!
You hit the hornet but do no damage.
The hornet is heavily wounded.
The hornet is engulfed in noxious fumes.
The hornet appears confused.
The hornet closely misses you.
The merfolk avatar chants its luring song.
The hornet is engulfed in noxious fumes.
The hornet appears confused.
The hornet stings something!
The hornet stings itself.
Unknown command.
You rampage towards the basilisk!
You cannot move away from the merfolk avatar!
You feel yourself speed up.
You feel ready to blink again. Vehumet accepts your kill.
You feel your power returning.
You feel a bit more experienced. The drowned soul touches you.
The drowned soul drowns you!
The merfolk avatar chants its luring song.
The drowned soul touches you. The drowned soul drowns you!
Unknown command.
Casting: Mephitic Cloud (safe; 1% risk of failure)
Confirm with . or Enter, or press ? or * to list all spells.
Aiming: Mephitic Cloud (safe; 1% risk of failure)
Press: ? - help, Shift-Dir - straight line, f - merfolk avatar
Aim: a merfolk avatar (water, mesmerising, chance to affect: 39%)
The ball explodes into a vile cloud!
The stinking cloud engulfs the merfolk avatar.
The stinking cloud engulfs the drowned soul.
You hear a loud, deep croak! x2
The pull of its song draws you forwards.
The drowned soul touches you. The drowned soul drowns you!
* * * LOW HITPOINT WARNING * * *
The merfolk avatar is engulfed in noxious fumes.
The merfolk avatar chants its luring song.
The drowned soul touches you. The drowned soul drowns you!
* * * LOW HITPOINT WARNING * * *
The drowned soul touches you. The drowned soul drowns you!
You die...

8.~.~~~~#~~8#~~~~~~P.
.~#####~..~#####~.~~...P
~~#⌠~~~#).~.~~⌠#~~#~~...
..~~.~..~~#8~~~#~~##....
~~#~~.#~####.~~#~~~~~...
#~~~#(}$!#~~~#~~~~~#.#
#~~☼#☼§≈)#~~~#~~~#.~~#
#~~§†○m§[# ~~#~~~#~~~#
#~~§#@[:)# ~~#~~P~~~#.
#.~.~#..## ~~~.###
#~~~8l~~.8~~ ~~#~ #
#⌠~~~~~~.~~~⌠ #
#####~~~~~### # ~~~~~~~
~88~#~#~ ~~~~~.~ #~~##~


You could see a merfolk avatar (mesmerising).

Vanquished Creatures
  Gastronok (D:12)
  A reaper (IceCv)
  2 hydras
  2 catoblepae
  Erica (D:8)
  A boulder beetle (D:11)
  A centaur warrior (D:13)
  2 two-headed ogres
  6 death yaks (Lair:3)
  A tengu warrior (D:12)
  Urug (Lair:1)
  2 skysharks
  Sonja (Lair:1)
  A sea snake (Lair:5)
  An arcanist (D:14)
  Pikel (D:6)
  A harpy (Lair:5)
  2 lindwurms (Volcano)
  A deep elf pyromancer (D:14)
  3 manticores
  2 cyclopes (D:13)
  7 elephants
  3 black mambas
  3 gargoyles
  2 ice statues (IceCv)
  A merfolk siren (Lair:2)
  A rust devil (D:11)
  2 torpor snails
  4 cane toads
  4 molten gargoyles
  An unseen horror (D:12)
  2 efreet (Volcano)
  Maggie (Lair:1)
  7 ice devils
  An anaconda simulacrum (IceCv)
  A tengu conjurer (D:12)
  9 rime drakes
  5 komodo dragons
  2 kobold demonologists
  A red devil (D:11)
  2 trolls
  2 wind drakes (Lair:5)
  3 merfolk (Lair:2)
  2 hornets
  4 blink frogs (Lair:5)
  Sigmund (D:3)
  8 wyverns
  A shadow (D:10)
  3 wraiths
  3 basilisks
  21 yaks
  6 fire elementals (Volcano)
  4 fire bats (Lair:1)
  12 vampire mosquitoes
  2 death yak simulacra (IceCv)
  3 steam dragons
  2 nagas (Lair:2)
  A harpy simulacrum (IceCv)
  An acid dragon (D:12)
  A hydra simulacrum (IceCv)
  11 water moccasins
  3 orc warriors
  A sky beast (D:8)
  3 black bears
  An ogre (D:5)
  8 centaurs
  6 wolves (Lair:5)
  4 kobold brigands
  2 lemures (D:6)
  12 bullfrogs
  A two-headed ogre simulacrum (IceCv)
  2 earth elementals (Volcano)
  4 scorpions
  A cane toad simulacrum (IceCv)
  A gnoll sergeant (D:10)
  16 wights
  9 killer bees
  4 bombardier beetles
  A crimson imp (D:11)
  An iron imp (D:11)
  4 jellies
  8 orc priests
  A gnoll bouda (D:7)
  2 sleepcaps
  5 hounds
  4 iguanas
  Terence (D:4)
  Jessica (D:2)
  18 orc wizards
  2 polar bear simulacra (IceCv)
  5 spriggan simulacra (IceCv)
  2 troll simulacra (IceCv)
  A wolf simulacrum (IceCv)
  12 gnolls
  9 adders
  A river rat (D:4)
  2 naga simulacra (IceCv)
  A shadow imp (D:11)
  A white imp (D:8)
  5 ufetubi (IceCv)
  3 ribbon worms
  30 orcs
  4 bats
  10 endoplasms
  5 giant cockroaches
  3 goblins
  5 hobgoblins
  6 jackals
  24 kobolds
  4 quokkas
  2 training dummies (D:6)
  4 ball pythons
  7 frilled lizards
  6 rats
462 creatures vanquished.

Vanquished Creatures (collateral kills)
  A gnoll (D:2)
1 creature vanquished.

Vanquished Creatures (others)
  An earth elemental (Volcano)
1 creature vanquished.

Grand Total: 464 creatures vanquished

Notes
Turn   | Place    | Note
-------+----------+-------------------------------------------
     0 | D:1      | pokeman the Deep Elf Hedge Wizard began the quest for the
                  | Orb.
     0 | D:1      | Reached XP level 1. HP: 10/10 MP: 7/7
   265 | D:1      | Reached XP level 2. HP: 16/16 MP: 2/9
   946 | D:2      | Reached skill level 5 in Spellcasting
  1096 | D:2      | Noticed Jessica
  1100 | D:2      | Killed Jessica
  1101 | D:2      | Reached skill level 1 in Fighting
  1101 | D:2      | Reached skill level 1 in Armour
  1101 | D:2      | Reached XP level 3. HP: 20/20 MP: 7/11
  1106 | D:2      | Learned a level 3 spell: Mephitic Cloud
  1109 | D:2      | Learned a level 2 spell: Call Imp
  1112 | D:2      | Learned a level 2 spell: Blink
  1170 | D:2      | Found Ilifac's Weapon Shop.
  1180 | D:2      | Noticed Terence
  1372 | D:2      | Reached XP level 4. HP: 12/25 MP: 2/13
  1692 | D:2      | Found Gilesmim's Armour Shop.
  1824 | D:2      | Found Peuthro's Weapon Emporium.
  2444 | D:3      | Reached skill level 6 in Spellcasting
  2444 | D:3      | Reached XP level 5. HP: 29/29 MP: 10/15
  2663 | D:3      | Found a faded altar of an unknown god.
  2776 | D:3      | Found an ancient bone altar of Kikubaaqudgha.
  2946 | D:3      | Noticed Sigmund
  2956 | D:3      | Killed Sigmund
  2957 | D:3      | Reached XP level 6. HP: 28/34 MP: 14/17
  3626 | D:4      | Reached skill level 1 in Air Magic
  3626 | D:4      | Reached skill level 1 in Alchemy
  3798 | D:4      | Killed Terence
  4181 | D:4      | Reached skill level 5 in Conjurations
  4181 | D:4      | Reached skill level 1 in Evocations
  4259 | D:4      | Reached XP level 7. HP: 22/38 MP: 14/19
  4352 | D:4      | Reached skill level 7 in Spellcasting
  4761 | D:5      | Entered Level 5 of the Dungeon
  4761 | D:5      | Found an iron altar of Okawaru.
  4882 | D:5      | Learned a level 3 spell: Stone Arrow
  4947 | D:5      | Reached skill level 1 in Earth Magic
  5084 | D:5      | Reached skill level 8 in Spellcasting
  5150 | D:5      | Found a sparkling altar of Nemelex Xobeh.
  5272 | D:2      | Bought a +1 quick blade of venom for 275 gold pieces
  5436 | D:5      | Reached XP level 8. HP: 44/44 MP: 19/22
  5590 | D:5      | Found Lefur's Hydra Hut.
  5595 | D:5      | Noticed a five-headed hydra
  5879 | D:6      | Reached skill level 1 in Short Blades
  5907 | D:6      | Reached skill level 9 in Spellcasting
  6057 | D:6      | Noticed Pikel
  6086 | D:6      | Killed Pikel
  6087 | D:6      | Reached skill level 10 in Spellcasting
  6087 | D:6      | Reached XP level 9. HP: 6/48 MP: 14/25
  6337 | D:6      | Identified the +2 robe of Uskayaw {Rampage rC+}
  6530 | D:6      | Got the Quarto of Massed Intoxication
  6763 | D:7      | Found a staircase to the Ecumenical Temple.
  6772 | Temple   | Entered the Ecumenical Temple
  6809 | Temple   | Became a worshipper of Vehumet
  7045 | D:7      | Identified the +6 war axe of Xemie {elec, rPois}
  7134 | D:7      | Reached skill level 11 in Spellcasting
  7544 | D:7      | Found a glowing golden altar of the Shining One.
  7869 | D:8      | Reached * piety under Vehumet
  7869 | D:8      | Offered knowledge of Freeze by Vehumet.
  7870 | D:8      | Reached skill level 5 in Earth Magic
  8093 | D:8      | Noticed Erica
  8106 | D:8      | Killed Erica
  8107 | D:8      | Reached skill level 12 in Spellcasting
  8107 | D:8      | Reached XP level 10. HP: 34/56 MP: 13/28
  8612 | D:8      | Learned a level 2 spell: Ensorcelled Hibernation
  8932 | D:9      | Reached skill level 1 in Hexes
  8933 | D:9      | Reached skill level 1 in Ice Magic
  9048 | D:9      | Reached skill level 5 in Short Blades
  9057 | D:9      | Reached skill level 13 in Spellcasting
  9183 | D:9      | Found a staircase to the Lair.
  9198 | D:9      | Found a transporter.
  9310 | D:9      | Found a transporter.
  9311 | D:9      | Noticed a moth of wrath
  9320 | D:9      | Found a bloodstained altar of Trog.
  9320 | D:9      | Noticed a two-headed ogre
  9320 | D:9      | Noticed nroviw's ghost (novice DsFi)
  9321 | D:9      | Noticed a tengu warrior
  9331 | D:9      | Noticed a two-headed ogre
  9334 | D:9      | Noticed a two-headed ogre
  9495 | D:9      | Found a staircase to the Orcish Mines.
  9510 | D:9      | Found a shadowy altar of Dithmenos.
  9587 | D:9      | Reached ** piety under Vehumet
  9891 | D:9      | Offered knowledge of Scorch by Vehumet.
  9892 | D:9      | Reached XP level 11. HP: 61/61 MP: 25/30
  9957 | D:10     | Entered Level 10 of the Dungeon
 10414 | D:10     | Found Wanevoom's Jewellery Boutique.
 10530 | D:10     | Noticed a two-headed ogre
 10534 | D:10     | Killed a two-headed ogre
 10535 | D:10     | Reached skill level 1 in Necromancy
 10550 | D:10     | Offered knowledge of Dazzling Flash by Vehumet.
 10880 | D:11     | Reached skill level 14 in Spellcasting
 11052 | D:11     | Noticed a two-headed ogre
 11519 | D:11     | Reached *** piety under Vehumet
 11566 | D:11     | Killed a two-headed ogre
 11648 | D:11     | Noticed a boulder beetle
 11656 | D:11     | Killed a boulder beetle
 12356 | D:12     | Noticed Gastronok
 12363 | D:11     | Learned a level 3 spell: Swiftness
 12419 | D:12     | Reached skill level 15 in Spellcasting
 12583 | D:12     | Found a snail-covered altar of Cheibriados.
 12636 | D:12     | Noticed a tengu warrior
 12638 | D:12     | Offered knowledge of Olgreb's Toxic Radiance by Vehumet.
 12642 | D:12     | Reached skill level 5 in Armour
 12822 | D:12     | Killed Gastronok
 12823 | D:12     | Reached XP level 12. HP: 54/66 MP: 7/33
 12993 | D:12     | Killed a tengu warrior
 14159 | D:12     | Found a portal to a secret trove of treasure.
 14486 | D:13     | Reached skill level 10 in Conjurations
 14498 | D:13     | Reached skill level 16 in Spellcasting
 14599 | D:13     | Noticed a centaur warrior
 14613 | D:13     | Killed a centaur warrior
 15238 | D:14     | Noticed a catoblepas
 15244 | D:14     | Killed a catoblepas
 15245 | D:14     | Reached skill level 5 in Fighting
 15289 | D:14     | Found a shadowy altar of Dithmenos.
 15589 | Lair:1   | Entered Level 1 of the Lair of Beasts
 15627 | Lair:1   | Noticed Maggie
 15643 | Lair:1   | Noticed a catoblepas
 15649 | Lair:1   | Killed Maggie
 15656 | Lair:1   | Killed a catoblepas
 15673 | Lair:1   | Reached **** piety under Vehumet
 15689 | Lair:1   | Offered knowledge of Ignite Poison by Vehumet.
 15701 | Lair:1   | Found a dark tunnel.
 15799 | Volcano  | Entered a volcano
 16053 | Volcano  | Reached skill level 17 in Spellcasting
 16244 | Volcano  | Reached XP level 13. HP: 62/73 MP: 24/36
 17114 | Lair:1   | Noticed Urug
 17120 | Lair:1   | Killed Urug
 17337 | Lair:1   | Noticed Sonja
 17352 | Lair:1   | Killed Sonja
 17887 | D:2      | Bought the +4 pair of boots "Kisecuk" {rF+} for 500 gold
                  | pieces
 18233 | Lair:2   | Found a staircase to the Shoals.
 18782 | Lair:2   | Identified the +9 morningstar of the Crushed Realms {heavy,
                  | Dex+3}
 18815 | Lair:2   | Found a staircase to the Snake Pit.
 19377 | Lair:3   | Found a frozen archway.
 19392 | IceCv    | Entered an ice cave
 19566 | IceCv    | Learned a level 4 spell: Ignite Poison
 19769 | IceCv    | Reached skill level 18 in Spellcasting
 20011 | IceCv    | Reached skill level 1 in Fire Magic
 20146 | IceCv    | Reached skill level 10 in Earth Magic
 20245 | IceCv    | Reached ***** piety under Vehumet
 20413 | IceCv    | Offered knowledge of Iskenderun's Battlesphere by Vehumet.
 20423 | IceCv    | Learned a level 5 spell: Iskenderun's Battlesphere
 20439 | IceCv    | Noticed a reaper
 20483 | IceCv    | Killed a reaper
 20618 | IceCv    | Identified the +2 glaive of the Ghostly God {elec, rPois
                  | MP+9 Dex+6 Stlth-}
 21160 | Lair:3   | Reached XP level 14. HP: 53/80 MP: 21/38
 21382 | Lair:3   | You are sucked into a shaft and drop 2 floors!
 21382 | Lair:5   | Entered Level 5 of the Lair of Beasts
 21528 | Lair:5   | Found a staircase to the Slime Pits.
 21529 | Lair:5   | Found a viscous altar of Jiyva.
 21739 | Lair:5   | Reached skill level 19 in Spellcasting
 21743 | Lair:5   | Reached skill level 1 in Shields
 22323 | Lair:5   | Noticed Snorg
 22464 | Lair:5   | HP: 4/80 [drowned by a drowned soul[a merfolk avatar] (15)]
 22464 | Lair:5   | Drowned by a drowned soul

Illustrated notes

Levels and vault maps discovered:
D:1:      spicycebolla_arrival_xxxplode, layout_rooms, feat_on_display
D:2:      layout_basic, serial_shops, shop, nicolae_shop_tiny_real_fake_doors,
          shop, serial_curves, eino_curves_03, eino_curves_02, eino_curves_01,
          kennysheep_potato, uniq_terence, uniq_jessica
D:3:      layout_basic, nicolae_kikubaaqudgha_miasma_corner,
          ebering_ecumenical_altar_petrified, uniq_sigmund
D:4:      layout_basic, portal_sewer_entry_e
D:5:      layout_rooms, okawaru_gym_becter, nemelex_spade_bored_becter,
          doesnt_shop_hydraphobe
D:6:      dreamdust_elfheim, layout_basic, uniq_pikel
D:7:      layout_loops_ring, general_overflow_altar,
          minmay_temple_entry_purple_smoke, minmay_misc_feat_plants
D:8:      layout_basic, uniq_erica
D:9:      layout_roguey, lemuel_doored_altar, minmay_lair_entry_grove,
          orc_0_dummy, gammafunk_ghost_wrathful_warriors, serial_aquarium,
          aquarium_bridge_square [aquarium_subvault_balcony,
          aquarium_subvault_bridge, aquarium_subvault_window,
          aquarium_subvault_window], aquarium_bridge_straight
          [aquarium_subvault_bridge, aquarium_subvault_wall,
          aquarium_subvault_bridge, aquarium_subvault_wall],
          aquarium_window_fake, aquarium_window_fake, aquarium_view_2d
D:10:     layout_grid_maze, serial_shops, shop_statue, st_stairs_7
D:11:     layout_stronghold, nicolae_demonic_statue_gallery
D:12:     layout_roguey, nicolae_trove_entry_diagonal, slow_altar_2,
          uniq_gastronok
D:13:     layout_cross, hex_tiny, nicolae_houndstooth_variations
D:14:     minmay_opposing_rooms, layout_loops_corners, david_vaults_2,
          nicolae_dithmenos_shadow_blocks
Temple:   bh_familiar_temple
Lair:1:   layout_gridlike, lightli_volcano_entry_magma_tube, uniq_urug,
          uniq_maggie, uniq_sonja
Lair:2:   layout_gridlike, elwin_shoals_entry_stream,
          guppyfry_snake_entry_garden
Lair:3:   layout_roguey [special_room_bee], portal_ice_cave_rime
Lair:5:   gammafunk_lair_ancient_temple, layout_loops_ring,
          nicolae_slime_entry_field_trip, chequers_serial_rivers_room_a,
          uniq_snorg

Skill      XL: |  1  2  3  4  5  6  7  8  9 10 11 12 13 14 |
---------------+-------------------------------------------+-----
Spellcasting   | 5 6 8 10 12 13 15 17 18 19 | 19.2
Fighting       | 1 2 3 4 5 6 |  6.0
Armour         | 1 2 3 5 6 |  6.0
Conjurations   | 2 4 5 6 7 8 9 10 11 | 11.9
Stealth        | 3 |  3.0
Dodging        | 3 |  3.0
Air Magic      | 1 |  1.0
Alchemy        | 1 |  1.0
Evocations     | 1 |  1.1
Earth Magic    | 2 3 5 6 7 9 10 | 10.8
Short Blades   | 2 4 5 7 8 9 |  9.9
Hexes          | 1 |  1.3
Ice Magic      | 1 |  1.0
Necromancy     | 1 |  1.0
Fire Magic     | 1 |  1.2
Shields        | 1 |  1.6
Summonings     | |  1.1
Translocations | |  1.1

Action                     |  1- 3 |  4- 6 |  7- 9 | 10-12 | 13-15 || total
---------------------------+-------+-------+-------+-------+-------++-------
  Melee: Dagger            |    14 |    47 |    44 |       |       ||   105
         Punch             |       |     1 |     8 |     2 |     3 ||    14
         Quick blade       |       |       |   284 |   360 |   243 ||   887
         Staff             |       |       |       |       |    10 ||    10
   Cast: Magic Dart        |    69 |   100 |    20 |     2 |     6 ||   197
         Mephitic Cloud    |     2 |    10 |    33 |    39 |    40 ||   124
         Call Imp          |       |     1 |     4 |       |       ||     5
         Stone Arrow       |       |       |    34 |   215 |   249 ||   498
         Blink             |       |       |     1 |       |     4 ||     5
         Ensorcelled Hiber |       |       |       |     2 |       ||     2
         Ignite Poison     |       |       |       |       |     3 ||     3
  Evoke: Wand              |       |       |       |     2 |     4 ||     6
    Use: Scroll            |       |       |       |    16 |     3 ||    19
   Stab: Sleeping          |     1 |     1 |       |     1 |       ||     3
         Confused          |       |     5 |    38 |    46 |    35 ||   124
         Distracted        |       |       |     1 |       |       ||     1
 Armour: Robe              |    12 |    29 |    98 |   147 |   114 ||   400
         Steam dragon scal |       |       |       |       |    59 ||    59
  Dodge: Dodged            |     6 |    39 |    92 |   122 |   104 ||   363

Table legend: (Time is in decaauts)
 A = Elapsed time spent in this place.
 B = Non-inter-level travel time spent in this place.
 C = Inter-level travel time spent in this place.
 D = Time resting spent in this place.
 E = Time spent auto-exploring this place.
 F = Levels seen in this place.
 G = Mean time per level.
                   A        B        C        D        E       F      G
               +--------+--------+--------+--------+--------+-----+--------+
         Total |  22452 |  20768 |   1684 |   1683 |  15411 |  21 | 1069.1 |
       Dungeon |  15920 |  14431 |   1489 |    709 |  11286 |  14 | 1137.1 |
        Temple |    103 |     34 |     69 |      0 |      0 |   1 |  103.0 |
          Lair |   4289 |   4163 |    126 |    237 |   3170 |   4 | 1072.2 |
      Ice Cave |   1306 |   1306 |      0 |    474 |    527 |   1 | 1306.0 |
       Volcano |    833 |    833 |      0 |    263 |    428 |   1 |  833.0 |
               +--------+--------+--------+--------+--------+-----+--------+

Top non-repeatable levels by time:
    D:12: 1799 daAuts
     D:3: 1606 daAuts
    D:11: 1588 daAuts
     D:2: 1483 daAuts
     D:4: 1461 daAuts
   IceCv: 1306 daAuts
  Lair:1: 1276 daAuts
     D:8: 1247 daAuts
  Lair:2: 1226 daAuts
     D:9: 1200 daAuts
  Lair:5: 1069 daAuts
    D:10: 1058 daAuts
     D:6: 1014 daAuts
     D:7: 1012 daAuts
 Volcano: 833 daAuts
